 Dungeon Crawl Stone Soup version 0.31.0-11-ge490571c62 (webtiles) character file.

Game seed: 12400225886824751189

9 ezpacito the Trooper (level 2, 15/36 HPs)
             Began as a Demonspawn Berserker on Jan 31, 2024.
             Was a Follower of Trog.
             Quit the game on level 1 of the Dungeon.
             The game lasted 00:00:13 (87 turns).

ezpacito the Trooper (Demonspawn Berserker)           Turns: 87, Time: 00:00:14

Health: 15/36      AC:  2    Str: 17    XL:     2   Next: 6%
Magic:  2/2        EV: 12    Int:  7    God:    Trog [*.....]
Gold:   0          SH:  0    Dex: 12    Spells: 1/1 levels left

rFire   . . .        a - +0 hand axe
rCold   . . .        (no shield)
rNeg    . . .        b - +0 animal skin
rPois   .            (helmet restricted)
rElec   .            (no cloak)
rCorr   .            (no gloves)
SInv    .            (no boots)
Will    .....        (no amulet) Stlth
                     (no ring)
HPRegen 0.26/turn    (no ring)
MPRegen 0.08/turn

%: no passive effects
@: berserking, very quick
A: antennae 1
a: Renounce Religion, Berserk


You were on level 1 of the Dungeon.
You worshipped Trog.
Trog was aware of your devotion.
You visited 1 branch of the dungeon, and saw 1 of its levels.

Inventory:

Hand Weapons
 a - a +0 hand axe (weapon)
Armour
 b - a +0 animal skin (worn)
 e - a +0 buckler
Scrolls
 c - a scroll of amnesia {unknown}
 d - a scroll of fear {unknown}


   Skills:
 * Level 3.1 Fighting
 * Level 2.9 Axes
 * Level 1.8 Armour
 * Level 1.9 Dodging
 * Level 0.2 Stealth
 * Level 0.1 Unarmed Combat


You had one spell level left.
You didn't know any spells.
Your spell library was empty.

Dungeon Overview and Level Annotations

Branches:
Dungeon (1/15)

Altars:


Innate Abilities, Weirdness & Mutations

You have a pair of small antennae on your head.


Message History

You barely miss the jackal.
The jackal is moderately wounded.
You hit the jackal but do no damage. The jackal bites you. x2
The jackal closely misses you. The jackal bites you.
You barely miss the jackal.
The jackal is moderately wounded.
You miss the jackal. You closely miss the jackal. The jackal bites you. x2
The jackal bites you but does no damage.
The jackal misses you. The jackal closely misses you.
You are too injured to fight recklessly!
You are too injured to fight recklessly!
A red film seems to cover your vision as you go berserk!
You feel yourself moving faster!
You feel mighty! The jackal bites you. x2
The jackal bites you but does no damage.
The jackal barely misses you.
You slash the jackal!
You kill the jackal!
Trog accepts your kill.
You hit the jackal. You barely miss the jackal. The jackal barely misses you.
You slash the jackal!
You kill the jackal!
Trog accepts your kill.
You slash the endoplasm!
You kill the endoplasm!
Trog accepts your kill.
You closely miss the jackal. The jackal misses you.
You slash the jackal!
You kill the jackal!
Trog accepts your kill.
You hit the jackal.
You kill the jackal!
Trog accepts your kill.
You hit the jackal. The jackal bites you.
You have reached level 2!
Your demonic ancestry asserts itself...
A pair of antennae grows on your head!
You slash the jackal!
You kill the jackal!
Trog accepts your kill.
Are you sure you want to abandon this character and quit the game? (Confirm with "yes".)

..##.##...##...........
##.##.#...##...........
⌠#..#.##...#...........
..#.#..#...#.#.........
#.#.##<#............#
#.##.#####......#####
..⌠#.⌠##...#..#..##
####.##.>.##...#..######
....##..........@........
⌠####..#.................
## #..#.................
## ####.............[
##.............
#..............
#.#####........ #.
#######


There were no monsters in sight!

Vanquished Creatures
  An endoplasm (D:1)
  6 jackals (D:1)
7 creatures vanquished.

Notes
Turn   | Place    | Note
-------+----------+-------------------------------------------
     0 | D:1      | ezpacito the Demonspawn Berserker began the quest for the
                  | Orb.
     0 | D:1      | Reached XP level 1. HP: 18/18 MP: 1/1
    85 | D:1      | Gained mutation: You have a pair of small antennae on your
                  | head. [demonic ancestry]
    85 | D:1      | Reached XP level 2. HP: 15/24 MP: 2/2
    87 | D:1      | Quit the game

Illustrated notes

Levels and vault maps discovered:
D:1:      nagdon_arrival_double_spiral, layout_rooms

Action                     || total
---------------------------++-------
  Melee: Hand axe          ||    10
 Invoke: Berserk           ||     1
 Armour: Animal skin       ||    13
  Dodge: Dodged            ||    10
